PBL
TIJUANA TOROS @ VICTORIA CAPITALS
07/21/2044
 
TOP OF THE 1ST
Oakland Oaks batting - Pitching for Portland Angels : RHP Nick Madrid
Pitching: RHP Nick Madrid
Batting: RHB Colin Coleman 0-0: Called Strike
0-1: DOUBLE (Line Drive, 89D, EV 107.5 MPH)
Batting: LHB John Shults 0-0: Called Strike
0-1: Fly out, F3 (Popup, 23F, EV 83.1 MPH)
Batting: LHB Al Soltero 0-0: Ball
1-0: Ball
2-0: Foul Ball, location: 2F
2-1: Ball
3-1: Foul Ball, location: 2F
3-2: Ground out 3-1 (Groundball, 34, EV 91.9 MPH)
Colin Coleman to third
Batting: RHB John Shaffer 0-0: Ball
1-0: Called Strike
1-1: Ball
2-1: Foul Ball, location: 2F
2-2: Foul Ball, location: 2F
2-2: Ground out 3-1 (Groundball, 34S, EV 65.6 MPH)
Top of the 1st over - 0 runs, 1 hit, 0 errors, 1 left on base; Oakland 0 - Portland 0
BOTTOM OF THE 1ST
Portland Angels batting - Pitching for Oakland Oaks : RHP Wei-qian Chung
Pitching: RHP Wei-qian Chung
Batting: RHB Jeff Long 0-0: Called Strike
0-1: Swinging Strike
0-2: Ball
1-2: Ball
2-2: Strikes out swinging
Batting: RHB Melvin Gomez 0-0: Fly out, F8 (Flyball, 8RS, EV 90.0 MPH)
Batting: RHB Luis Garcia 0-0: Ball
1-0: Ball
2-0: Ball
3-0: Called Strike
3-1: Base on Balls
Batting: RHB Jonathan Ellis 0-0: Ball
1-0: Ball
2-0: Called Strike
2-1: Ball
3-1: Base on Balls
Luis Garcia to second
Batting: LHB Jorge Zermeno 0-0: Called Strike
0-1: Ball
1-1: Foul Ball, location: 2F
1-2: Strikes out swinging
Bottom of the 1st over - 0 runs, 0 hits, 0 errors, 2 left on base; Oakland 0 - Portland 0
TOP OF THE 2ND
Oakland Oaks batting - Pitching for Portland Angels : RHP Nick Madrid
Batting: RHB Matt Black 0-0: Swinging Strike
0-1: Ball
1-1: SOLO HOME RUN (Flyball, 7D, EV 93.8 MPH), Distance : 376 ft
Batting: RHB Zack DiCicco 0-0: Foul Ball, location: 2F
0-1: Called Strike
0-2: Ball
1-2: Ball
2-2: Fly out, F7 (Flyball, 7, EV 85.6 MPH)
Batting: RHB Josh Whaley 0-0: Ball
1-0: Ball
2-0: Called Strike
2-1: Ball
3-1: Base on Balls
Batting: RHB Jim Conrad 0-0: Called Strike
0-1: Foul Ball, location: 2F
0-2: Foul Ball, location: 2F
0-2: Ball
Passed Ball!
Josh Whaley to second
1-2: Strikes out looking
Batting: RHB Devin Arnold 0-0: Foul Ball, location: 2F
0-1: Swinging Strike
0-2: Ball
1-2: Strikes out looking
Top of the 2nd over - 1 run, 1 hit, 0 errors, 1 left on base; Oakland 1 - Portland 0
BOTTOM OF THE 2ND
Portland Angels batting - Pitching for Oakland Oaks : RHP Wei-qian Chung
Batting: RHB Pat Crawley 0-0: Ball
1-0: Ball
2-0: Foul Ball, location: 2F
2-1: Fly out, F9 (Flyball, 89S, EV 82.5 MPH)
Batting: RHB Kenny Steeby 0-0: Ball
1-0: DOUBLE (Line Drive, 7LM, EV 110.6 MPH)
Batting: RHB Bill Weiss 0-0: SINGLE (Groundball, 34, EV 93.8 MPH)
Kenny Steeby to third
Runner from 3rd tries for Home, throw by RF and OUT! 9-2
Bill Weiss to second
Batting: RHB Mike Berg 0-0: Called Strike
0-1: Called Strike
0-2: Ball
1-2: Strikes out swinging
Bottom of the 2nd over - 0 runs, 2 hits, 0 errors, 1 left on base; Oakland 1 - Portland 0
TOP OF THE 3RD
Oakland Oaks batting - Pitching for Portland Angels : RHP Nick Madrid
Batting: RHB Colin Coleman 0-0: Ball
1-0: Foul Ball, location: 2F
1-1: Foul Ball, location: 2F
1-2: Strikes out swinging
Batting: LHB John Shults 0-0: Ball
1-0: Ball
2-0: Swinging Strike
2-1: Ball
3-1: Foul Ball, location: 2F
3-2: SOLO HOME RUN (Flyball, 9D, EV 95.0 MPH), Distance : 372 ft
Batting: LHB Al Soltero 0-0: Called Strike
0-1: Ball
1-1: Ball
2-1: Foul Ball, location: 2F
2-2: Ball
3-2: Strikes out looking
Batting: RHB John Shaffer 0-0: Called Strike
0-1: Ball
1-1: Foul Ball, location: 2F
1-2: Strikes out swinging
Top of the 3rd over - 1 run, 1 hit, 0 errors, 0 left on base; Oakland 2 - Portland 0
BOTTOM OF THE 3RD
Portland Angels batting - Pitching for Oakland Oaks : RHP Wei-qian Chung
Batting: RHB Jeff Long 0-0: Ground out U3 (Groundball, 34S, EV 90.6 MPH)
Batting: RHB Melvin Gomez 0-0: Ball
1-0: Foul Ball, location: 2F
1-1: Called Strike
1-2: Strikes out swinging
Batting: RHB Luis Garcia 0-0: Called Strike
0-1: Ground out U3 (Groundball, 34S, EV 88.8 MPH)
Bottom of the 3rd over - 0 runs, 0 hits, 0 errors, 0 left on base; Oakland 2 - Portland 0
TOP OF THE 4TH
Oakland Oaks batting - Pitching for Portland Angels : RHP Nick Madrid
Batting: RHB Matt Black 0-0: Called Strike
0-1: Ball
1-1: SOLO HOME RUN (Flyball, 89XD, EV 114.4 MPH), Distance : 423 ft
Batting: RHB Zack DiCicco 0-0: Foul Ball, location: 2F
0-1: Ball
1-1: Ball
2-1: Ball
3-1: Base on Balls
Batting: RHB Josh Whaley 0-0: Ball
1-0: Ball
2-0: Swinging Strike
2-1: Swinging Strike
2-2: Foul Ball, location: 2F
2-2: Strikes out looking
Batting: RHB Jim Conrad 0-0: Called Strike
0-1: Ball
Zack DiCicco steals 2nd, throwing error, E2
Zack DiCicco to third
1-1: Swinging Strike
1-2: Ball
2-2: Ball
3-2: Foul Ball, location: 2F
3-2: Base on Balls
Batting: RHB Devin Arnold 0-0: Swinging Strike
0-1: Called Strike
0-2: Strikes out swinging
Pitching: RHP Edwin Avila
Batting: RHB Colin Coleman 0-0: Ball
1-0: Foul Ball, location: 2F
1-1: Fly out, F3 (Line Drive, 3, EV 67.5 MPH)
Top of the 4th over - 1 run, 1 hit, 1 error, 2 left on base; Oakland 3 - Portland 0
BOTTOM OF THE 4TH
Portland Angels batting - Pitching for Oakland Oaks : RHP Wei-qian Chung
Batting: RHB Jonathan Ellis 0-0: Ball
1-0: SINGLE (Groundball, 6S, EV 69.4 MPH) (infield hit)
Batting: LHB Jorge Zermeno 0-0: Ball
Jonathan Ellis is caught stealing 2nd base 2-6
1-0: Foul Ball, location: 2F
1-1: Called Strike
1-2: Foul Ball, location: 2F
1-2: Ball
2-2: Foul Ball, location: 2F
2-2: Strikes out swinging
Batting: RHB Pat Crawley 0-0: Called Strike
0-1: Foul Ball, location: 2F
0-2: Foul Ball, location: 2F
0-2: Foul Ball, location: 2F
0-2: Ball
1-2: Ball
2-2: Foul Ball, location: 2F
2-2: SINGLE (Line Drive, 34D, EV 110.6 MPH)
Batting: RHB Kenny Steeby 0-0: Ball
1-0: Called Strike
1-1: Ground out 5-3 (Groundball, 56, EV 83.1 MPH)
Bottom of the 4th over - 0 runs, 2 hits, 0 errors, 1 left on base; Oakland 3 - Portland 0
TOP OF THE 5TH
Oakland Oaks batting - Pitching for Portland Angels : RHP Edwin Avila
Batting: LHB John Shults 0-0: Foul Ball, location: 2F
0-1: Ground out 5-3 (Groundball, 5D, EV 103.8 MPH)
Batting: LHB Al Soltero 0-0: Ball
1-0: Ball
2-0: Fly out, F9 (Flyball, 89D, EV 103.1 MPH)
Batting: RHB John Shaffer 0-0: Ball
1-0: Ball
2-0: Foul Ball, location: 2F
2-1: Called Strike
2-2: Ground out 4-3 (Groundball, 4, EV 91.9 MPH)
Top of the 5th over - 0 runs, 0 hits, 0 errors, 0 left on base; Oakland 3 - Portland 0
BOTTOM OF THE 5TH
Portland Angels batting - Pitching for Oakland Oaks : RHP Wei-qian Chung
Batting: RHB Bill Weiss 0-0: SINGLE (Groundball, 6MS, EV 72.5 MPH) (infield hit)
Batting: RHB Mike Berg 0-0: Ball
1-0: Foul Ball, location: 2F
1-1: Called Strike
1-2: Fly out, F4 (Popup, 3D, EV 46.3 MPH)
Batting: RHB Jeff Long 0-0: TRIPLE (Flyball, 8LXD, EV 98.1 MPH)
Bill Weiss scores
Batting: RHB Melvin Gomez 0-0: Ball
1-0: Ball
2-0: Foul Ball, location: 2F
2-1: Ball
3-1: Ground out 6-3 (Groundball, 6, EV 104.4 MPH)
Jeff Long scores
Batting: RHB Luis Garcia 0-0: Foul Ball, location: 2F
0-1: Ground out 6-3 (Groundball, 6, EV 100.0 MPH)
Bottom of the 5th over - 2 runs, 2 hits, 0 errors, 0 left on base; Oakland 3 - Portland 2
TOP OF THE 6TH
Oakland Oaks batting - Pitching for Portland Angels : RHP Edwin Avila
Batting: RHB Matt Black 0-0: Ball
1-0: Ball
2-0: Ball
3-0: Base on Balls
Batting: RHB Zack DiCicco 0-0: 2-RUN HOME RUN (Flyball, 78XD, EV 107.5 MPH), Distance : 419 ft
Batting: RHB Josh Whaley 0-0: SOLO HOME RUN (Flyball, 78XD, EV 100.0 MPH), Distance : 406 ft
Pitching: LHP Dave Fettinger
Batting: RHB Jim Conrad 0-0: Called Strike
0-1: Ball
1-1: Ground out 6-3 (Groundball, 6, EV 89.4 MPH)
Batting: RHB Devin Arnold 0-0: Ground out 5-3 (Groundball, 56S, EV 79.4 MPH)
Batting: RHB Colin Coleman 0-0: DOUBLE (Line Drive, 9LS, EV 101.3 MPH)
Batting: LHB John Shults 0-0: Ball
1-0: Swinging Strike
Passed Ball!
Colin Coleman to third
1-1: Ball
2-1: Foul Ball, location: 2F
2-2: Foul Ball, location: 2F
2-2: Fly out, F9 (Line Drive, 9, EV 103.1 MPH)
Top of the 6th over - 3 runs, 3 hits, 0 errors, 1 left on base; Oakland 6 - Portland 2
BOTTOM OF THE 6TH
Portland Angels batting - Pitching for Oakland Oaks : RHP Wei-qian Chung
Batting: RHB Jonathan Ellis 0-0: Called Strike
0-1: Swinging Strike
0-2: Foul Ball, location: 2F
0-2: Foul Ball, location: 2F
0-2: Ball
1-2: Ball
2-2: Fly out, F8 (Line Drive, 8LM, EV 100.0 MPH)
Pitching: RHP Caleb Franklin
Batting: LHB Jorge Zermeno 0-0: Ball
1-0: Swinging Strike
1-1: Foul Ball, location: 2F
1-2: Ball
2-2: Strikes out swinging
Batting: RHB Pat Crawley 0-0: Foul Ball, location: 2F
0-1: SINGLE (Flyball, 89S, EV 85.6 MPH)
Batting: RHB Kenny Steeby 0-0: Called Strike
0-1: Ball
1-1: DOUBLE (Line Drive, 9LM, EV 111.3 MPH)
Pat Crawley to third
Batting: RHB Bill Weiss 0-0: Ground out 5-3 (Groundball, 56, EV 75.6 MPH)
Bottom of the 6th over - 0 runs, 2 hits, 0 errors, 2 left on base; Oakland 6 - Portland 2
TOP OF THE 7TH
Oakland Oaks batting - Pitching for Portland Angels : LHP Dave Fettinger
Batting: LHB Al Soltero 0-0: Ball
1-0: Ball
2-0: Ground out 3-1 (Groundball, 34, EV 83.1 MPH)
Batting: RHB John Shaffer 0-0: Called Strike
0-1: Ball
1-1: Ball
2-1: Foul Ball, location: 2F
2-2: Ball
3-2: Strikes out looking
Batting: RHB Matt Black 0-0: Swinging Strike
0-1: Called Strike
0-2: Ball
1-2: Ball
2-2: Foul Ball, location: 2F
2-2: Foul Ball, location: 2F
2-2: Strikes out looking
Top of the 7th over - 0 runs, 0 hits, 0 errors, 0 left on base; Oakland 6 - Portland 2
BOTTOM OF THE 7TH
Portland Angels batting - Pitching for Oakland Oaks : RHP Caleb Franklin
Batting: RHB Mike Berg 0-0: Called Strike
0-1: Ball
1-1: Foul Ball, location: 2F
1-2: Strikes out swinging
Batting: RHB Jeff Long 0-0: Ball
1-0: Ball
2-0: Called Strike
2-1: Foul Ball, location: 2F
2-2: Strikes out swinging
Batting: RHB Melvin Gomez 0-0: Ball
1-0: Ball
2-0: TRIPLE (Flyball, 8LXD, EV 95.6 MPH)
Batting: RHB Luis Garcia 0-0: Ball
1-0: Fly out, F8 (Flyball, 89M, EV 96.9 MPH)
Bottom of the 7th over - 0 runs, 1 hit, 0 errors, 1 left on base; Oakland 6 - Portland 2
TOP OF THE 8TH
Oakland Oaks batting - Pitching for Portland Angels : LHP Dave Fettinger
Pitching: RHP Jake Etheridge
Batting: RHB Zack DiCicco 0-0: Foul Ball, location: 2F
0-1: Foul Ball, location: 2F
0-2: Fly out, F6 (Popup, 6M, EV 64.4 MPH)
Batting: RHB Josh Whaley 0-0: Ball
1-0: Ball
2-0: Called Strike
2-1: Called Strike
2-2: Ground out 6-3 (Groundball, 6M, EV 95.0 MPH)
Batting: RHB Jim Conrad 0-0: Ball
1-0: Ball
2-0: Ball
3-0: Called Strike
3-1: Base on Balls
Batting: RHB Devin Arnold 0-0: Ball
1-0: Hit by Pitch
Jim Conrad to second
Batting: RHB Colin Coleman 0-0: Fly out, F8 (Line Drive, 8LD, EV 106.9 MPH)
Top of the 8th over - 0 runs, 0 hits, 0 errors, 2 left on base; Oakland 6 - Portland 2
BOTTOM OF THE 8TH
Portland Angels batting - Pitching for Oakland Oaks : RHP Caleb Franklin
Batting: RHB Jonathan Ellis 0-0: Called Strike
0-1: Ball
1-1: Foul Ball, location: 2F
1-2: Ball
2-2: Ground out 4-3 (Groundball, 34D, EV 107.5 MPH)
Batting: LHB Jorge Zermeno 0-0: Ball
1-0: Ball
2-0: Foul Ball, location: 2F
2-1: Ball
3-1: Ground out U3 (Groundball, 3, EV 105.6 MPH)
Batting: RHB Pat Crawley 0-0: Called Strike
0-1: SINGLE (Groundball, 56D, EV 100.6 MPH)
Batting: RHB Kenny Steeby 0-0: Called Strike
0-1: Foul Ball, location: 2F
0-2: Ball
1-2: Fly out, F7 (Line Drive, 7, EV 104.4 MPH)
Bottom of the 8th over - 0 runs, 1 hit, 0 errors, 1 left on base; Oakland 6 - Portland 2
TOP OF THE 9TH
Oakland Oaks batting - Pitching for Portland Angels : RHP Jake Etheridge
Pitching: RHP Eric Cunningham
Batting: LHB John Shults 0-0: Ball
1-0: Ball
2-0: Ball
3-0: Called Strike
3-1: Foul Ball, location: 2F
3-2: Base on Balls
Batting: LHB Al Soltero 0-0: Called Strike
0-1: DOUBLE (Flyball, 8RXD, EV 105.0 MPH)
John Shults to third
Batting: RHB John Shaffer 0-0: Called Strike
0-1: Swinging Strike
0-2: Ball
1-2: Ball
2-2: Ball
3-2: Foul Ball, location: 2F
3-2: SINGLE (Line Drive, 8LS, EV 110.0 MPH)
John Shults scores
Al Soltero to third
Runner from 3rd tries for Home, throw by CF and OUT! 8-2
Batting: RHB Matt Black 0-0: Called Strike
0-1: Ball
1-1: Swinging Strike
1-2: Foul Ball, location: 2F
1-2: Ball
2-2: Strikes out looking
Batting: RHB Zack DiCicco 0-0: Called Strike
0-1: Ground out 6-3 (Groundball, 6S, EV 70.6 MPH)
Top of the 9th over - 1 run, 2 hits, 0 errors, 1 left on base; Oakland 7 - Portland 2
BOTTOM OF THE 9TH
Portland Angels batting - Pitching for Oakland Oaks : RHP Caleb Franklin
Batting: RHB Bill Weiss 0-0: Foul Ball, location: 2F
0-1: Swinging Strike
0-2: Ball
1-2: Ball
2-2: Ball
3-2: Strikes out looking
Pinch Hitting: RHB Freddy Gonzalez 0-0: Ground out 3-1 (Groundball, 34S, EV 84.4 MPH)
Batting: RHB Jeff Long 0-0: Swinging Strike
0-1: Foul Ball, location: 2F
0-2: Strikes out looking
Bottom of the 9th over - 0 runs, 0 hits, 0 errors, 0 left on base; Oakland 7 - Portland 2
Thursday, March 31st , 2022 - OOTP Baseball 22.12 Build 89